 Dungeon Crawl Stone Soup version 0.25-a0-577-ga4619f409e (webtiles) character file.

Game seed: 17702169379180433409, levelgen mode: deterministic

122 Flugslaktarn the Covered (level 4, -12/41 HPs)
             Began as a Minotaur Fighter on Mar 2, 2020.
             Mangled by Menkaure (13 damage)
             ... on level 7 of the Dungeon.
             The game lasted 00:00:28 (529 turns).

Flugslaktarn the Covered (Minotaur Fighter)          Turns: 529, Time: 00:00:29

Health: -12/41     AC:  8    Str: 21    XL:     4   Next: 78%
Magic:  3/3        EV:  7    Int:  5    God:
Gold:   29         SH:  9    Dex: 10    Spells: 3/3 levels left

rFire    . . .     SeeInvis .   a - +0 war axe
rCold    . . .     Gourm    .   c - +0 kite shield
rNeg     . . .     Faith    .   b - +0 scale mail
rPois    .         Spirit   .   (helmet restricted)
rElec    .         Reflect  .   (no cloak)
rCorr    .         Harm     .   (no gloves)
MR       .....                  m - +0 pair of boots
Stlth    ..........             (no amulet)
HPRegen  0.13/turn              (no ring)
MPRegen  0.08/turn              (no ring)

@: no status effects
A: retaliatory headbutt, horns 2
a: no special abilities


You were on level 7 of the Dungeon.
You were not hungry.

You visited 1 branch of the dungeon, and saw 5 of its levels.

You collected 29 gold pieces.

Inventory:

Hand Weapons
 a - a +0 war axe (weapon)
Armour
 b - a +0 scale mail (worn)
 c - a +0 kite shield (worn)
 m - a +0 pair of boots (worn)
   (You found it on level 4 of the Dungeon)
Jewellery
 h - an uncursed ring of protection from fire {unknown}
   (You found it on level 2 of the Dungeon)
Scrolls
 i - 2 scrolls of immolation {unknown}
 l - 4 scrolls of teleportation {unknown}
Potions
 d - a potion of might
 f - a potion of heal wounds {unknown}
 j - a potion of lignification {unknown}
 k - a potion of berserk rage {unknown}
Comestibles
 e - 4 rations
 g - 3 chunks of flesh


   Skills:
 + Level 4.4 Fighting
 * Level 4.2 Axes
 + Level 4.4 Armour
 + Level 4.4 Shields


You had 3 spell levels left.
You didn't know any spells.
Your spell library was empty.

Dungeon Overview and Level Annotations

Branches:
Dungeon (4/15)
 Temple: D:4-7

Altars:

Annotations:
D:7 Menkaure


Innate Abilities, Weirdness & Mutations

You reflexively headbutt those who attack you in melee.
You have a pair of horns on your head.


Message History

You hit Menkaure but do no damage. You closely miss the gnoll.
Menkaure hits you!
* * * LOW HITPOINT WARNING * * *
You block the gnoll's attack.
You are too injured to fight recklessly!
You are too injured to fight recklessly!
You are too injured to fight recklessly!
You are too injured to fight recklessly!
You are too injured to fight recklessly!
You hit Menkaure but do no damage.
You headbutt Menkaure, but do no damage.
You hit the gnoll. You block Menkaure's attack. The gnoll barely misses you.
You furiously retaliate!
You headbutt the gnoll, but do no damage.
Menkaure hits you.
* * * LOW HITPOINT WARNING * * *
You hit Menkaure. You headbutt Menkaure!
Menkaure is heavily damaged.
You barely miss the gnoll. Menkaure hits you!
You die...

########
##.......#
#........#
#........#
#.#.....#
#.......+
#.†....##
#.@M...#
#.)g...#
#......#
#.........
#.##......
#.# ....#.
#.+ ......
### ....##


You could see Menkaure and a gnoll.

Vanquished Creatures
  An iguana (D:7)
  A worker ant (D:7)
  2 gnolls (D:7)
  2 adders
  An adder zombie (D:7)
  An adder skeleton (D:4)
  A worm (D:2)
  A dart slug (D:3)
  An orc (D:3)
  2 bats
  3 giant cockroaches
  2 hobgoblins
  4 kobolds
  A frilled lizard (D:3)
  4 goblins
  A rat (D:1)
28 creatures vanquished.

Vanquished Creatures (others)
  A fungus (D:3)
1 creature vanquished.

Grand Total: 29 creatures vanquished

Notes
Turn   | Place    | Note
-------+----------+-------------------------------------------
     0 | D:1      | Flugslaktarn the Minotaur Fighter began the quest for the
                  | Orb.
     0 | D:1      | Reached XP level 1. HP: 19/19 MP: 0/0
   139 | D:2      | Reached XP level 2. HP: 27/27 MP: 1/1
   336 | D:3      | Reached XP level 3. HP: 33/33 MP: 2/2
   515 | D:4      | You fall into a shaft and drop 3 floors!
   520 | D:7      | Reached XP level 4. HP: 29/40 MP: 3/3
   521 | D:7      | Noticed Menkaure
   528 | D:7      | HP: 1/41 [Menkaure (4)]
   529 | D:7      | Mangled by Menkaure

Levels and vault maps discovered:
D:1:      minmay_arrival_four_loops, layout_basic, corexii_hall_statues_l,
          minmay_lizard_pond
D:2:      layout_loops_corners, first_ration
D:3:      layout_rooms, lemuel_doored_altar, lemuel_coloured_pillars_altar,
          lemuel_round_altar, gup_sewer_entry_glass,
          ebering_ghost_reflecting_pool, minmay_shallow_snake_nest
D:4:      layout_rooms, grunt_temple_overflow_lords_of_destruction
D:7:      layout_basic, overflow_temple_1_default, uniq_menkaure

Skill      XL: |  1  2  3  4 |
---------------+-------------+-----
Axes           | 3 4 |  4.2
Armour         | 4 |  4.4
Fighting       | 4 |  4.4
Shields        | 4 |  4.4

Action                   |  1- 3 |  4- 6 || total
-------------------------+-------+-------++-------
Melee: War axe           |    59 |     8 ||    67
       Headbutt          |     7 |     6 ||    13
Armor: Scale mail        |    34 |     3 ||    37
Dodge: Dodged            |    21 |     4 ||    25
Block: Kite shield       |    29 |    12 ||    41

Table legend:
 A = Non-vault XP
 B = Vault XP
 C = Vault XP percentage of total XP
 D = Non-vault monster count
 E = Vault monster count
 F = Vault count percentage of total count
                 A         B        C        D         E       F
            +---------+---------+-------+---------+---------+-------
      Total |     175 |       0 |   0.0 |      28 |       0 |   0.0
            +---------+---------+-------+---------+---------+-------
        D:1 |       8 |       0 |   0.0 |       5 |       0 |   0.0
        D:2 |      12 |       0 |   0.0 |       5 |       0 |   0.0
        D:3 |      31 |       0 |   0.0 |      10 |       0 |   0.0
        D:4 |      20 |       0 |   0.0 |       3 |       0 |   0.0
        D:7 |     104 |       0 |   0.0 |       5 |       0 |   0.0
            +---------+---------+-------+---------+---------+-------
